 Dungeon Crawl Stone Soup version 0.31-a0-263-ge8cad7f256 (webtiles) character file.

Game seed: 1991564127939608357

215 qw the Shooter (level 5, -2/45 HPs)
             Began as a Minotaur Hexslinger on July 13, 2023.
             Killed by divine providence
             ... invoked by an orc priest
              (11 damage)
             ... on level 4 of the Dungeon.
             The game lasted 00:01:09 (2156 turns).

qw the Shooter (Minotaur Hexslinger)                Turns: 2156, Time: 00:01:09

Health: -2/45      AC:  8    Str: 13    XL:     5   Next: 60%
Magic:  5/5        EV: 16    Int: 10    God:
Gold:   114        SH:  0    Dex: 14    Spells: 5/6 levels left

rFire   . . .        Y - +1 sling
rCold   . . .        (no shield)
rNeg    . . .        h - +0 ring mail
rPois   .            (helmet restricted)
rElec   .            j - +1 cloak
rCorr   +            (no gloves)
SInv    .            d - +0 pair of boots
Will    .....        (no amulet)
Stlth   +            g - ring of resist corrosion
HPRegen 0.27/turn    e - +5 ring of evasion
MPRegen 0.09/turn

%: no passive effects
@: no status effects
A: horns 2, retaliatory headbutt
a: no special abilities


You were on level 4 of the Dungeon.
You visited 1 branch of the dungeon, and saw 4 of its levels.

You collected 114 gold pieces.


Innate Abilities, Weirdness & Mutations

You have a pair of horns on your head.
You reflexively headbutt those who attack you in melee.


   Skills:
 - Level 3.5 Fighting
 + Level 5.4 Ranged Weapons
 - Level 1.4 Armour
 - Level 2.1 Dodging
 - Level 1.0 Spellcasting
 - Level 2.0 Hexes


You had 5 spell levels left.
You knew the following spells:

 Your Spells              Type           Power      Damage    Failure   Level
a - Slow                  Hex            16%        N/A       32%         1

Your spell library contained the following spells:

 Spells                   Type           Power      Damage    Failure   Level
 Inner Flame              Hex/Fire       2%         N/A       82%         3
 Portal Projectile        Hex/Tloc       4%         N/A       82%         3
 Cause Fear               Hex            2%         N/A       97%         4

Inventory:

Hand Weapons
 Y - a +1 sling (weapon)
Armour
 d - a +0 pair of boots (worn)
 h - a +0 ring mail (worn)
 j - a +1 cloak (worn)
Jewellery
 b - a ring of fire
 e - a +5 ring of evasion (right hand)
 g - a ring of resist corrosion (left hand)
 k - a ring of positive energy
Scrolls
 i - a scroll of identify
 n - a scroll of amnesia {unknown}
 o - 3 scrolls of silence {unknown}
 p - a scroll of teleportation {unknown}
 q - a scroll of enchant weapon {unknown}
 r - a scroll of acquirement {unknown}
Potions
 a - a potion of haste
 c - 3 potions of heal wounds
 f - a potion of degeneration {unknown}
 l - a potion of berserk rage {unknown}
 m - a potion of mutation {unknown}

Dungeon Overview and Level Annotations

Branches:
Dungeon (4/15)
 Temple: D:4-7

Altars:
Fedhas
Qazlal
The Shining One


Message History

The orc priest invokes the aid of Beogh against you.
Beogh smites you! Something hits you but does no damage.
You hear a shout!
You shoot a sling bullet. The sling bullet hits the orc.
The orc is severely wounded.
Something hits you but does no damage.
An orc comes into view. It is wielding a +0 flail.
2149 ||| FLEEEEING.
2150 ||| FLEEEEING.
You shoot a sling bullet. The sling bullet hits the orc!
You kill the orc!
You hear some strange, mumbled words.
A magic dart appears from out of thin air!
The magic dart hits you.
You shoot a sling bullet.
Reactivating autopickup.
You feel a bit more experienced.
The orc priest invokes the aid of Beogh against you.
A magic dart appears from out of thin air!
Deactivating autopickup; reactivate with Ctrl-A.
The magic dart hits you.
You shoot a sling bullet.
A magic dart appears from out of thin air!
The magic dart hits you.
You shoot a sling bullet. The sling bullet hits the goblin.
You kill the goblin!
You hear some strange, mumbled words.
Something tries to affect you, but you resist.
You shoot a sling bullet.
The sling bullet completely misses the orc.
The sling bullet barely misses the orc priest.
Something hits you but does no damage.
You shoot a sling bullet. The sling bullet hits the orc.
The orc is moderately wounded.
You hear some strange, mumbled words.
A puff of flame appears from out of thin air!
The puff of flame hits you. Something hits you.
The orc priest calls down the wrath of Beogh upon you.
Beogh smites you!
You die...

#o g# # .###. )#.# ).# #o#
#o# ### ###### #{#
######.## #....#
#@###.......# #.##.##
##.......##.##
#####.#...####...##.#.##.#
#.....(.............#.##.#
#.###.#...####..%####.##.#
#.# #.##.## ##.#####.##.#
#.###.##.# #.......##.##
#.##..##.# #.########..#
#.##.###.# ##'## ##.#


You could see an orc priest and an orc.

Vanquished Creatures
  A scorpion (D:4)
  An orc wizard (D:4)
  Robin (D:2)
  5 adders
  A worm (D:2)
  3 dart slugs
  5 orcs
  3 ball pythons
  7 bats
  8 endoplasms
  3 giant cockroaches
  15 goblins
  6 hobgoblins
  2 quokkas
  5 frilled lizards
  9 kobolds
  3 rats
78 creatures vanquished.

Notes
Turn   | Place    | Note
-------+----------+-------------------------------------------
     0 | D:1      | qw the Minotaur Hexslinger began the quest for the Orb.
     0 | D:1      | Reached XP level 1. HP: 16/16 MP: 1/1
     0 | D:1      | 0 ||| qw: Version: 0.3-a-52-g30416fa
     0 | D:1      | 0 ||| qw: Game counter: 7345
     0 | D:1      | 0 ||| qw: Melee chars always use a shield: true
     0 | D:1      | 0 ||| qw: God list: Okawaru
     0 | D:1      | 0 ||| qw: Allow faded altars: false
     0 | D:1      | 0 ||| qw: Do Orc after clearing Dungeon:15 true
     0 | D:1      | 0 ||| qw: Do second Lair branch before Depths: true
     0 | D:1      | 0 ||| qw: Lair rune preference: random
     0 | D:1      | 0 ||| qw: Goals: Normal
     0 | D:1      | 0 ||| PLANNING D:1-11
     8 | D:1      | 8 ||| Stepping ~*~*~tactically~*~*~ (outnumbered).
    60 | D:1      | Reached skill level 3 in Ranged Weapons
    60 | D:1      | Reached XP level 2. HP: 23/23 MP: 2/2
   145 | D:1      | 145 ||| FLEEEEING.
   393 | D:1      | 393 ||| UPGRADING to +0 cloak.
   398 | D:1      | 398 ||| UPGRADING to +0 ring mail.
   408 | D:1      | 408 ||| DROPPING +0 robe.
   409 | D:1      | 409 ||| UPGRADING to +1 cloak.
   419 | D:1      | 419 ||| DROPPING +0 cloak.
   420 | D:1      | 420 ||| UPGRADING to ring of resist corrosion.
   421 | D:1      | 421 ||| READING scroll labelled NOPTITIPSUD.
   422 | D:1      | 422 ||| READING 2 scrolls labelled SEYROU SECAI.
   423 | D:1      | 423 ||| DROPPING scroll of poison.
   520 | D:2      | Reached XP level 3. HP: 28/29 MP: 3/3
   590 | D:2      | Noticed Robin
   591 | D:2      | 591 ||| Stepping ~*~*~tactically~*~*~ (outnumbered).
   593 | D:2      | Reached skill level 4 in Ranged Weapons
   601 | D:2      | 601 ||| FLEEEEING.
   602 | D:2      | 602 ||| FLEEEEING.
   603 | D:2      | 603 ||| FLEEEEING.
   605 | D:2      | Killed Robin
   606 | D:2      | Reached skill level 1 in Armour
   607 | D:2      | 607 ||| FLEEEEING.
   608 | D:2      | 608 ||| FLEEEEING.
   609 | D:2      | 609 ||| FLEEEEING.
   610 | D:2      | 610 ||| FLEEEEING.
   611 | D:2      | 611 ||| FLEEEEING.
   612 | D:2      | 612 ||| FLEEEEING.
   613 | D:2      | 613 ||| FLEEEEING.
   614 | D:2      | 614 ||| FLEEEEING.
   615 | D:2      | 615 ||| FLEEEEING.
   616 | D:2      | 616 ||| FLEEEEING.
   626 | D:2      | 626 ||| FLEEEEING.
   627 | D:2      | 627 ||| FLEEEEING.
   628 | D:2      | 628 ||| FLEEEEING.
   629 | D:2      | 629 ||| FLEEEEING.
   630 | D:2      | 630 ||| FLEEEEING.
   631 | D:2      | 631 ||| FLEEEEING.
   632 | D:2      | 632 ||| FLEEEEING.
   677 | D:2      | Reached XP level 4. HP: 36/36 MP: 4/4
  1107 | D:2      | 1107 ||| UPGRADING to +0 pair of boots.
  1112 | D:2      | 1112 ||| UPGRADING to +5 ring of evasion.
  1113 | D:2      | 1113 ||| DRINKING 2 black potions.
  1114 | D:2      | 1114 ||| DROPPING potion of attraction.
  1253 | D:3      | Found a faded altar of an unknown god.
  1357 | D:3      | Found a blossoming altar of Fedhas.
  1372 | D:3      | Identified the +8 whip of Hubris {pain, Int+5}
  1544 | D:3      | Reached skill level 5 in Ranged Weapons
  1595 | D:3      | 1595 ||| DRINKING 2 grey potions.
  1596 | D:3      | 1596 ||| DRINKING 2 bubbling emerald potions.
  1597 | D:3      | 1597 ||| DROPPING potion of brilliance.
  1633 | D:3      | Found a stormy altar of Qazlal.
  1778 | D:3      | 1778 ||| READING 2 scrolls of identify.
  1778 | D:3      | 1778 ||| IDENTIFYING puce potion
  1803 | D:4      | Noticed a scorpion
  1811 | D:4      | Killed a scorpion
  1812 | D:4      | Reached skill level 3 in Fighting
  1812 | D:4      | Reached XP level 5. HP: 45/45 MP: 5/5
  1993 | D:4      | Found a glowing golden altar of the Shining One.
  2141 | D:4      | 2141 ||| Stepping ~*~*~tactically~*~*~ (outnumbered).
  2149 | D:4      | 2149 ||| FLEEEEING.
  2150 | D:4      | 2150 ||| FLEEEEING.
  2156 | D:4      | HP: 9/45 [something (3)]
  2156 | D:4      | Killed from afar by an orc priest

Levels and vault maps discovered:
D:1:      shiori_arrival_maze, layout_rooms
D:2:      layout_basic, uniq_robin
D:3:      cheibrodos_old_hovel, layout_basic, fedhas_altar_2,
          nicolae_qazlal_general_emergency,
          shapermc_ecumenical_altar_mp_urbaneastern
D:4:      layout_loops_corners, led_sif_book, lemuel_coloured_pillars_altar

Skill      XL: |  1  2  3  4 |
---------------+-------------+-----
Ranged Weapons | 3 4 5 |  5.4
Fighting       | 2 3 |  3.5
Armour         | 1 |  1.4
Dodging        | |  2.1
Spellcasting   | |  1.0
Hexes          | |  2.0

Action                     |  1- 3 |  4- 6 || total
---------------------------+-------+-------++-------
  Melee: Unarmed           |     3 |       ||     3
   Fire: Sling             |   107 |   126 ||   233
    Use: Scroll            |     2 |     1 ||     3
         Potion            |       |     3 ||     3
 Armour: Robe              |     8 |       ||     8
         Ring mail         |     7 |    22 ||    29
  Dodge: Dodged            |    41 |    49 ||    90

Table legend:
 A = Non-vault XP
 B = Vault XP
 C = Vault XP percentage of total XP
 D = Non-vault monster count
 E = Vault monster count
 F = Vault count percentage of total count
                 A         B        C        D         E       F
            +---------+---------+-------+---------+---------+-------
      Total |     266 |      42 |  13.6 |      64 |      14 |  17.9
            +---------+---------+-------+---------+---------+-------
        D:1 |      30 |       4 |  11.8 |      16 |       2 |  11.1
        D:2 |      63 |      35 |  35.7 |      24 |      11 |  31.4
        D:3 |      35 |       3 |   7.9 |      13 |       1 |   7.1
        D:4 |     138 |       0 |   0.0 |      11 |       0 |   0.0
            +---------+---------+-------+---------+---------+-------
